 Dungeon Crawl Stone Soup version 0.30.1-3-gfc49f6343a (webtiles) character file.

Game seed: 11258528226488485019

28467 jtron the Impaler (level 13, -10/101 HPs)
             Began as a Demonspawn Berserker on July 28, 2023.
             Was a High Priest of Trog.
             Mangled by Urug
             ... wielding a +7 demon trident
              (18 damage)
             ... on level 2 of the Lair of Beasts.
             The game lasted 00:38:14 (13012 turns).

jtron the Impaler (Demonspawn Berserker)           Turns: 13012, Time: 00:38:15

Health: -10/101    AC: 23    Str: 36    XL:     13   Next: 9%
Magic:  13/13      EV: 13    Int: 10    God:    Trog [*****.]
Gold:   1145       SH:  0    Dex: 13    Spells: 12/12 levels left

rFire   . . .        a - +4 bardiche (heavy)
rCold   . . .        (shield currently unavailable)
rNeg    + . .        t - +4 ring mail of Experimentation {rN+ Regen+}
rPois   .            (helmet restricted)
rElec   .            y - +2 cloak
rCorr   .            B - +2 pair of gloves {Str+3}
SInv    .            (no boots)
Will    .....        u - amulet of faith
Stlth   ++           N - +6 ring of strength
HPRegen 1.16/turn    L - +6 ring of strength
MPRegen 0.13/turn

%: faith
@: sanguine armoured
A: antennae 2, demonic guardian 3, powered by pain 3, sanguine armour 1
a: Renounce Religion, Berserk, Trog's Hand, Brothers in Arms


You were on level 2 of the Lair of Beasts.
You worshipped Trog.
Trog was extremely pleased with you.
You visited 2 branches of the dungeon, and saw 16 of its levels.
You also visited: Bailey.

You collected 1199 gold pieces.
You spent 54 gold pieces at shops.

Inventory:

Hand Weapons
 a - a +4 heavy bardiche (weapon)
 m - a +0 sling
 O - a +3 halberd of flaming
Missiles
 i - 32 poisoned darts (quivered)
 o - 2 atropa-tipped darts
 q - 10 javelins
 I - 4 curare-tipped darts
Armour
 t - the +4 ring mail of Experimentation (worn) {rN+ Regen+}
   (You found it on level 3 of the Dungeon)

   rN:        It protects you from negative energy.
   Regen:     It increases your rate of health regeneration.
 y - a +2 cloak (worn)
 B - a +2 pair of gloves of strength (worn)
Jewellery
 u - an amulet of faith (around neck)
 L - a +6 ring of strength (right hand)
 N - a +6 ring of strength (left hand)
Wands
 l - a wand of paralysis (9)
 n - a wand of flame (8)
 w - a wand of polymorph (18)
 D - a wand of iceblast (11)
 H - a wand of quicksilver (7)
Scrolls
 b - a scroll of fear
 k - 5 scrolls of teleportation
 p - 2 scrolls of blinking
 v - a scroll of magic mapping
 x - a scroll of enchant armour
 G - a scroll of fog
Potions
 c - 3 potions of brilliance
 d - 5 potions of cancellation
 e - 9 potions of curing
 f - a potion of resistance
 g - 3 potions of heal wounds
 h - a potion of berserk rage
 r - a potion of mutation
 s - 2 potions of ambrosia
 z - a potion of haste
 C - 2 potions of invisibility
 E - a potion of lignification
 F - 2 potions of flight
 M - a potion of might
 S - a potion of magic


   Skills:
 + Level 9.5 Fighting
 + Level 16.2 Polearms
 + Level 3.4 Throwing
 + Level 6.4 Armour
 + Level 6.0 Dodging
 - Level 3.0 Stealth
 + Level 1.5 Evocations


You had 12 spell levels left.
You didn't know any spells.
Your spell library was empty.

Dungeon Overview and Level Annotations

Branches:
Dungeon (14/15)            Temple (0/1) D:6            Lair (2/5) D:8
 Shoals (0/4) Lair:2          Orc (0/2) D:12         Vaults (0/5) D:13
 Bailey (visited)
  Snake: Lair:2-3    Spider: Lair:2-3

Altars:
Dithmenos
Makhleb
Nemelex Xobeh
Sif Muna
Trog
Xom

Shops:
D:6 *

Annotations:
Lair:2 Urug


Innate Abilities, Weirdness & Mutations

You have a pair of antennae on your head.
A powerful demonic guardian rushes to your aid.
You are powered by pain.
When seriously injured, your blood forms armour. (AC +6)


Message History

The black mamba hisses angrily.
You closely miss the black mamba.
The black mamba bites you but does no damage. x2
You chop the black mamba into pieces!!!
You kill the black mamba!
Trog accepts your kill.
Your Dodging skill increases to level 6!
No target in view!
No target in view!
You see here a black mamba corpse.
Found a long sword.
Found a stone staircase leading down.
You now have 1145 gold pieces (gained 11).
Things that are here:
a +0 long sword; a scroll of poison Urug the Orcish Ballista comes into view.
She is wielding a +7 demon trident and quivering silver javelins.
Urug shouts!
Urug throws a silver javelin.
The silver javelin pierces through you. The silver sears you!
You start resting.
HP restored.
You start waiting.
You sense a monster nearby.
Found a wand of paralysis (2).
Your two-headed ogre goes berserk!
Urug throws a silver javelin.
The silver javelin misses you.
Urug drinks a potion.
Urug seems to speed up.
Found a stone staircase leading down.
Something hits your two-headed ogre! Something hits your two-headed ogre!!
Urug hits you with a +7 demon trident!!
You hit Urug.
Urug is lightly wounded.
Urug misses you. Urug hits you with a +7 demon trident!!
Your blood congeals into armour.
Urug hits you with a +7 demon trident!!
A demonic guardian appears!
You closely miss Urug. Urug hits you but does no damage.
Urug hits you with a +7 demon trident!!
* * * LOW HITPOINT WARNING * * *
You hear a howl!
Urug hits you with a +7 demon trident!!
You die...

#.#..## ##... # ##...>.#
#.... #...
##.#....###..## #...#
#......#.##..#
#....#####.....####..##
##...#..#.#....#...##..#
...........)..........~.
.>...!#..#...#.##...~~#.
.../...@o#.####...P..###
.##.....#O.# #..##...~~
#.....3..####..###.~#.
#....#..##..#..##†~~..
#......##...!......~~~
#........<....#....~##
.......#.#..........##.
#......#...#..####.#####
..#.#.#......## ### #


You could see Urug (fast, ally target), a friendly two-headed ogre (summoned,
berserk) and a friendly sixfirhy (summoned).

Vanquished Creatures
  A hydra (D:13)
  A boulder beetle (D:12)
  6 two-headed ogres
  A centaur warrior (D:13)
  An orc knight (Bailey)
  Pikel (D:9)
  2 cyclopes
  The ghost of shmup the Firebug, a novice TeFE (D:8)
  4 black mambas
  Maurice (D:9)
  A gargoyle (D:12)
  3 cane toads (Lair:1)
  Maggie (D:9)
  An unseen horror (D:10)
  3 kobold demonologists (D:12)
  A komodo dragon (Lair:2)
  3 trolls
  Grinder (D:3)
  2 wraiths
  2 shadows
  A vampire (D:13)
  Sigmund (D:5)
  26 yaks
  A wyvern (D:7)
  A basilisk (D:13)
  2 steam dragons (D:7)
  A swamp worm (D:8)
  An acid dragon (D:11)
  The ghost of jujuben the Digger, an amateur OpEE of Uskayaw (D:3)
  7 water moccasins
  A sky beast (D:6)
  15 orc warriors
  5 black bears
  3 ice beasts
  7 centaurs
  4 ogres
  3 kobold brigands
  A gnoll sergeant (D:11)
  4 bullfrogs
  2 scorpions
  5 wights (D:7)
  4 killer bees (D:8)
  9 howler monkeys
  3 orc priests
  6 hounds
  2 jellies (D:5)
  A sleepcap (D:5)
  4 iguanas
  14 orc wizards
  Ijyb (D:3)
  Terence (D:3)
  14 gnolls
  7 adders
  2 dart slugs
  51 orcs
  6 ball pythons
  5 bats
  6 endoplasms
  2 giant cockroaches
  15 goblins
  10 hobgoblins
  5 jackals
  6 quokkas
  6 frilled lizards
  11 kobolds
  5 rats
325 creatures vanquished.

Vanquished Creatures (collateral kills)
  The ghost of Ralil the Grappler, a journeyman TrFi of Okawaru (D:13)
  A two-headed ogre (D:13)
  A boulder beetle (D:12)
  A death yak (D:8)
  An elephant (D:8)
  A vampire (D:11)
  A basilisk (Lair:1)
  3 yaks
  An acid dragon (D:12)
  3 orc warriors (D:13)
  Pargi (D:3)
  A kobold brigand (D:9)
  A bullfrog (D:8)
  A hound (D:6)
  A sleepcap (D:3)
  An orc wizard (D:13)
  An orc (D:2)
  A kobold (D:3)
22 creatures vanquished.

Vanquished Creatures (others)
  A scorpion (D:7)
1 creature vanquished.

Grand Total: 348 creatures vanquished

Notes
Turn   | Place    | Note
-------+----------+-------------------------------------------
     0 | D:1      | jtron the Demonspawn Berserker began the quest for the Orb.
     0 | D:1      | Reached XP level 1. HP: 18/18 MP: 1/1
   225 | D:1      | Gained mutation: When seriously injured, your blood forms
                  | armour. (AC +6) [demonic ancestry]
   225 | D:1      | Reached XP level 2. HP: 21/24 MP: 2/2
   291 | D:1      | Reached skill level 3 in Polearms
   624 | D:1      | Reached XP level 3. HP: 24/29 MP: 3/3
  1234 | D:2      | Reached ** piety under Trog
  2005 | D:3      | Noticed Terence
  2062 | D:2      | Gained mutation: A weak demonic guardian rushes to your
                  | aid. [demonic ancestry]
  2062 | D:2      | Reached XP level 4. HP: 25/37 MP: 4/4
  2155 | D:3      | Noticed Grinder
  2472 | D:3      | Reached skill level 1 in Stealth
  2472 | D:3      | Reached XP level 5. HP: 23/42 MP: 5/5
  2739 | D:3      | Reached skill level 4 in Polearms
  2797 | D:3      | Found a runed translucent gate.
  2797 | D:3      | Found a runed translucent gate.
  2797 | D:3      | Found a runed translucent gate.
  2810 | D:3      | Noticed jujuben's ghost (amateur OpEE)
  2850 | D:3      | Noticed Ijyb
  2862 | D:3      | Killed Ijyb
  3032 | D:3      | Killed Terence
  3070 | D:3      | Paralysed by Grinder for 5 turns
  3079 | D:3      | Paralysed by Grinder for 2 turns
  3084 | D:3      | Killed Grinder
  3085 | D:3      | Reached skill level 5 in Polearms
  3085 | D:3      | Gained mutation: You sometimes gain a little power by
                  | taking damage. [demonic ancestry]
  3085 | D:3      | Reached XP level 6. HP: 48/48 MP: 6/6
  3088 | D:3      | Identified the +4 ring mail of Experimentation {rN+ Regen+}
  3110 | D:3      | Noticed Pargi
  3122 | D:3      | Killed Pargi
  3123 | D:3      | Gained mutation: You sometimes gain power by taking damage.
                  | [demonic ancestry]
  3123 | D:3      | Reached XP level 7. HP: 45/54 MP: 7/7
  3251 | D:3      | Killed jujuben's ghost
  3252 | D:3      | Reached skill level 6 in Polearms
  3331 | D:4      | Found a bloodstained altar of Trog.
  3555 | D:4      | Reached *** piety under Trog
  3583 | D:4      | Reached skill level 1 in Throwing
  3810 | D:5      | Entered Level 5 of the Dungeon
  3917 | D:5      | Reached skill level 7 in Polearms
  3917 | D:5      | Reached XP level 8. HP: 61/61 MP: 8/8
  3978 | D:5      | Reached skill level 5 in Fighting
  4178 | D:5      | Noticed Sigmund
  4192 | D:5      | Killed Sigmund
  4193 | D:5      | Reached skill level 8 in Polearms
  5122 | D:6      | Reached skill level 9 in Polearms
  5375 | D:6      | Gained mutation: A demonic guardian rushes to your aid.
                  | [demonic ancestry]
  5375 | D:6      | Reached XP level 9. HP: 65/68 MP: 9/9
  5387 | D:6      | Found a staircase to the Ecumenical Temple.
  5598 | D:6      | Found Zozxyc's Assorted Antiques.
  5606 | D:6      | Bought a scroll of identify for 54 gold pieces
  5683 | D:6      | Reached **** piety under Trog
  6303 | D:7      | Reached skill level 10 in Polearms
  6343 | D:7      | Found a flagged portal.
  6373 | Bailey   | Entered a bailey
  6522 | Bailey   | Noticed an orc knight
  6621 | Bailey   | Killed an orc knight
  6622 | Bailey   | Reached skill level 11 in Polearms
  6794 | Bailey   | Identified the +8 plate armour of Tiybacs {Int+3 Stlth+}
  7183 | D:7      | Gained mutation: You have a pair of small antennae on your
                  | head. [demonic ancestry]
  7183 | D:7      | Reached XP level 10. HP: 76/76 MP: 10/10
  7201 | D:7      | Reached skill level 1 in Evocations
  7473 | D:8      | Found a sparkling altar of Nemelex Xobeh.
  7474 | D:8      | Found a shimmering altar of Xom.
  7571 | D:8      | Noticed an elephant
  7608 | D:8      | Killed an elephant
  7726 | D:8      | Reached ***** piety under Trog
  7727 | D:8      | Reached skill level 12 in Polearms
  7815 | D:8      | Found a shadowy altar of Dithmenos.
  7889 | D:8      | Found a staircase to the Lair.
  8068 | D:8      | Found a runed translucent door.
  8073 | D:8      | Noticed a death yak
  8084 | D:8      | Killed a death yak
  8272 | D:8      | Noticed shmup's ghost (novice TeFE)
  8284 | D:8      | Killed shmup's ghost
  8414 | D:9      | Noticed Maggie
  8424 | D:9      | Killed Maggie
  8427 | D:9      | Noticed Pikel
  8440 | D:9      | Killed Pikel
  8440 | D:9      | Noticed Maurice
  8441 | D:9      | Gained mutation: You have a pair of antennae on your head.
                  | [demonic ancestry]
  8441 | D:9      | Reached XP level 11. HP: 53/83 MP: 11/11
  8447 | D:9      | Killed Maurice
  8448 | D:9      | Reached skill level 13 in Polearms
  8497 | D:9      | Found a burning altar of Makhleb.
  8497 | D:9      | Found a shimmering blue altar of Sif Muna.
  8644 | D:9      | Identified the +0 ring mail "Firio" {Rampage rElec Dex-2}
  8839 | D:10     | Entered Level 10 of the Dungeon
  8943 | D:10     | Reached skill level 5 in Dodging
  9135 | D:10     | Noticed a two-headed ogre
  9141 | D:10     | Killed a two-headed ogre
  9323 | D:10     | Reached skill level 5 in Armour
  9641 | D:11     | Reached skill level 14 in Polearms
  9702 | D:11     | Received a gift from Trog
 10106 | D:12     | Noticed a sixfirhy
 10107 | D:12     | Noticed a soul eater
 10109 | D:12     | Noticed a sun demon
 10338 | D:12     | Noticed a two-headed ogre
 10341 | D:12     | Killed a two-headed ogre
 10409 | D:12     | Noticed a boulder beetle
 10418 | D:12     | Killed a boulder beetle
 10499 | D:12     | Gained mutation: A powerful demonic guardian rushes to your
                  | aid. [demonic ancestry]
 10499 | D:12     | Reached XP level 12. HP: 59/92 MP: 12/12
 10580 | D:12     | Found a staircase to the Orcish Mines.
 10702 | D:12     | Noticed a two-headed ogre
 10707 | D:12     | Killed a two-headed ogre
 10759 | D:12     | Noticed a boulder beetle
 10766 | D:12     | Killed a boulder beetle
 10989 | D:12     | Reached skill level 15 in Polearms
 11059 | D:13     | Received a gift from Trog
 11137 | D:13     | Noticed a four-headed hydra
 11147 | D:13     | Killed a one-headed hydra
 11197 | D:13     | Found a runed translucent door.
 11202 | D:13     | Noticed Ralil's ghost (journeyman TrFi)
 11232 | D:13     | Noticed a centaur warrior
 11239 | D:13     | Killed a centaur warrior
 11338 | D:13     | Noticed a two-headed ogre
 11340 | D:13     | Noticed a two-headed ogre
 11343 | D:13     | Killed a two-headed ogre
 11347 | D:13     | Killed a two-headed ogre
 11371 | D:13     | Found a gate to the Vaults.
 11371 | D:13     | Noticed a two-headed ogre
 11374 | D:13     | Killed a two-headed ogre
 11442 | D:13     | Noticed a two-headed ogre
 11448 | D:13     | Killed a two-headed ogre
 11704 | D:13     | Killed Ralil's ghost
 11840 | D:14     | Noticed a boulder beetle
 11959 | Lair:1   | Entered Level 1 of the Lair of Beasts
 12039 | Lair:1   | Reached skill level 16 in Polearms
 12266 | Lair:1   | Gained mutation: You are powered by pain. [demonic
                  | ancestry]
 12266 | Lair:1   | Reached XP level 13. HP: 101/101 MP: 13/13
 12440 | Lair:1   | Identified the +2 cloak of Lohiel {Rampage rF- rN+}
 12922 | Lair:2   | Found a staircase to the Shoals.
 13000 | Lair:2   | Noticed Urug
 13012 | Lair:2   | Mangled by Urug

Illustrated notes

Levels and vault maps discovered:
D:1:      spicycebolla_arrival_transporter_tutorial, layout_loops_corners
D:2:      layout_basic
D:3:      layout_basic, ebering_ghost_rock_garden, minmay_stone_trees_small,
          minmay_starry_boxes, uniq_ijyb, uniq_grinder, uniq_terence, uniq_pargi
D:4:      layout_cave_pools, mainiacjoe_overflow_catwalk,
          kennysheep_generic_room_14
D:5:      layout_layer_cave, uniq_sigmund
D:6:      layout_layer_cave, temple_doors_ab, serial_shops, shop
D:7:      layout_loops_ring, enter_bailey_5, grunt_ministairs_8
D:8:      layout_basic, mainiacjoe_overflow_chevrons,
          grunt_temple_overflow_open, david_lair_generic,
          ebering_ghost_reflecting_pool, worms_lemuel
D:9:      layout_rooms, jmf_multi_god_temple, uniq_maggie, uniq_maurice,
          uniq_pikel
D:10:     layout_gridville, nicolae_concentric_dashed_squares_wild
D:11:     layout_roguey, nzn_life_drinkers
D:12:     layout_irregular_city, erik_orc_3
D:13:     layout_roguey [special_room_orc], david_vaults_1,
          ebering_ghost_reflecting_pool
D:14:     layout_long_grid, nicolae_qazlal_style_of_elements, uniq_jorgrun
Lair:1:   layout_roguey, nicolae_lair_grove_arrangements, serial_bayou_shore_b
Lair:2:   layout_misc_corridors, elwin_shoals_entry_rocks,
          nicolae_spider_entry_lesser_pyramids, infiniplex_staircase_pool,
          serial_bayou_shore_b, uniq_urug

Skill      XL: |  1  2  3  4  5  6  7  8  9 10 11 12 13 |
---------------+----------------------------------------+-----
Armour         | 2 3 4 5 6 |  6.4
Polearms       | 3 5 7 9 11 12 14 16 | 16.2
Dodging        | 2 3 4 5 6 |  6.0
Stealth        | 1 2 3 |  3.0
Fighting       | 4 5 6 7 9 |  9.5
Throwing       | 1 2 3 |  3.4
Evocations     | 1 |  1.5

Action                     |  1- 3 |  4- 6 |  7- 9 | 10-12 | 13-15 || total
---------------------------+-------+-------+-------+-------+-------++-------
  Melee: Spear             |   178 |    53 |       |       |       ||   231
         Punch             |     2 |       |     2 |       |       ||     4
         Trident           |       |    56 |   122 |       |       ||   178
         Halberd           |       |       |   182 |     5 |       ||   187
         Glaive            |       |       |    17 |   237 |       ||   254
         Bardiche          |       |       |       |   182 |    20 ||   202
  Throw: Dart              |       |     1 |    17 |    32 |       ||    50
         Throwing net      |       |     1 |     1 |       |       ||     2
         Javelin           |       |       |       |     1 |       ||     1
 Invoke: Berserk           |       |     3 |     3 |     6 |       ||    12
         Brothers in Arms  |       |       |       |     1 |     1 ||     2
  Evoke: Wand              |       |       |    12 |     5 |       ||    17
    Use: Scroll            |     1 |     4 |    15 |     9 |     2 ||    31
         Potion            |       |       |     3 |     2 |       ||     5
   Stab: Sleeping          |     3 |       |       |       |       ||     3
         Held in net/web   |       |     1 |     2 |       |       ||     3
         Distracted        |       |       |       |     1 |       ||     1
 Armour: Leather armour    |    35 |    19 |       |       |       ||    54
         Ring mail         |       |    15 |   119 |   212 |    15 ||   361
         Skin              |       |       |    10 |       |       ||    10
  Dodge: Dodged            |    55 |    55 |   116 |   337 |    20 ||   583
